 Dungeon Crawl Stone Soup version 0.22-a0-419-g492bfec (webtiles) character file.

213 iamserjio the Spear-Bearer (level 5, -12/38 HPs)
             Began as a Merfolk Gladiator on May 15, 2018.
             Killed by divine providence
             ... invoked by an orc priest
              (15 damage)
             ... on level 4 of the Dungeon.
             The game lasted 00:05:12 (3745 turns).

iamserjio the Spear-Bearer (Merfolk Gladiator)      Turns: 3745, Time: 00:05:13

Health: -12/38     AC:  4    Str: 15    XL:     5   Next: 90%
Magic:  5/5        EV: 15    Int:  8    God:
Gold:   145        SH:  0    Dex: 15    Spells: 4/4 levels left

rFire    . . .     SeeInvis .   a - +0 trident
rCold    . . .     Gourm    .   (no shield)
rNeg     . . .     Faith    .   b - +0 leather armour
rPois    .         Spirit   .   c - +0 helmet
rElec    .         Reflect  .   (no cloak)
rCorr    .         Harm     .   (no gloves)
MR       .....                  (no boots)
Stlth    +.........             (no amulet)
HPRegen  0.12/turn              (no ring)
MPRegen  0.09/turn              (no ring)

@: no status effects
A: change form in water, swift swim, stealthy swim
a: no special abilities


You were on level 4 of the Dungeon.
You were not hungry.

You visited 1 branch of the dungeon, and saw 4 of its levels.

You collected 145 gold pieces.

Inventory:

Hand Weapons
 a - a +0 trident (weapon)
Missiles
 d - 4 throwing nets (quivered)
 o - 158 stones
Armour
 b - a +0 leather armour (worn)
 c - a +0 helmet (worn)
 i - a +0 ring mail
Jewellery
 k - an uncursed ring of resist corrosion {unknown}
 s - an uncursed ring of protection from cold {unknown}
Wands
 w - a wand of disintegration (18)
Scrolls
 e - 12 scrolls of identify {unknown}
 g - a scroll of enchant armour {unknown}
 h - 2 scrolls of immolation {unknown}
 m - 3 scrolls of teleportation {unknown}
 n - a scroll of remove curse {unknown}
 q - 2 scrolls of amnesia {unknown}
 v - a scroll of magic mapping {unknown}
Potions
 j - 3 potions of degeneration {unknown}
 l - a potion of haste {unknown}
 p - a potion of invisibility {unknown}
 r - 2 potions of curing {unknown}
 t - a potion of brilliance {unknown}
 u - 2 potions of flight {unknown}
Comestibles
 f - 3 rations
 x - 4 chunks of flesh


   Skills:
 - Level 2.1 Fighting
 * Level 8.0 Polearms
 - Level 2.0 Throwing
 + Level 5.7 Dodging


You had 4 spell levels left.
You didn't know any spells.
Your spell library was empty.

Dungeon Overview and Level Annotations

Branches:
Dungeon (4/15)
 Temple: D:4-7

Altars:
Elyvilon
Hepliaklqana
Nemelex Xobeh
Xom
Zin


Message History

You barely miss the orc priest.
The orc priest is severely wounded.
The orc priest hits you from afar with a trident.
The orc priest closely misses you.
You closely miss the orc priest.
The orc priest is severely wounded.
The orc priest hits you from afar with a trident!
The orc priest hits you.
* * * LOW HITPOINT WARNING * * *
You are too injured to fight recklessly!
You are too injured to fight recklessly!
You are too injured to fight recklessly!
You barely miss the orc priest.
The orc priest is severely wounded.
The orc priest hits you from afar with a trident!
* * * LOW HITPOINT WARNING * * *
The orc priest completely misses you.
The orc priest calls down the wrath of Beogh upon you.
Beogh smites you!
You die...

#########.
#.........
###.#######.#
#.....@.# .##
##.#.###.##...#..
##....#
#.o)o.....
#.....#
####...#.#
#.....# .##
#.....###### #
##..........
###.###### #.#


You could see an orc priest.

Vanquished Creatures
  An orc wizard (D:4)
  4 gnolls
  5 adders
  4 oozes
  A worm (D:3)
  A leopard gecko (D:2)
  2 orcs (D:4)
  3 giant cockroaches (D:1)
  10 hobgoblins
  7 jackals
  A quokka (D:3)
  11 bats
  6 frilled lizards
  13 goblins
  4 kobolds
  A quokka zombie (D:3)
  10 rats
84 creatures vanquished.

Notes
Turn   | Place    | Note
-------+----------+-------------------------------------------
     0 | D:1      | iamserjio the Merfolk Gladiator began the quest for the Orb.
     0 | D:1      | Reached XP level 1. HP: 16/16 MP: 1/1
    84 | D:1      | Reached skill level 5 in Polearms
    84 | D:1      | Reached XP level 2. HP: 22/22 MP: 2/2
   497 | D:1      | Reached XP level 3. HP: 24/27 MP: 3/3
  1066 | D:1      | Reached skill level 6 in Polearms
  1505 | D:2      | Reached XP level 4. HP: 31/33 MP: 4/4
  1554 | D:2      | Reached skill level 5 in Dodging
  2098 | D:2      | Reached skill level 7 in Polearms
  2149 | D:2      | Found a shimmering altar of Xom.
  2184 | D:2      | Found a hazy altar of Hepliaklqana.
  2474 | D:3      | Reached XP level 5. HP: 36/38 MP: 5/5
  2930 | D:3      | Found a sparkling altar of Nemelex Xobeh.
  2980 | D:3      | Found a white marble altar of Elyvilon.
  3144 | D:3      | Found a faded altar of an unknown god.
  3273 | D:3      | Found a glowing silver altar of Zin.
  3737 | D:4      | Reached skill level 8 in Polearms
  3745 | D:4      | Killed from afar by an orc priest

Vault maps used:
D:1:      wheals_arrival_shading
D:2:      lemuel_crystal_altar, marbit_many_paths, minmay_tromino_v4_c
D:3:      lemuel_round_altar, old_standard_altar, elyvilon_altar_5,
          chequers_ecumenical_altar_lobes, minmay_misc_feat_iff,
          grunt_ministairs_14
D:4:      moated_statue

Skill      XL: |  1  2  3  4  5 |
---------------+----------------+-----
Polearms       | 5 6 7 8 |  8.0
Dodging        | 5 |  5.7
Fighting       | |  2.1
Throwing       | |  2.0

Action                   |  1- 3 |  4- 6 || total
-------------------------+-------+-------++-------
Melee: Trident           |   106 |   160 ||   266
 Stab: Sleeping          |       |     4 ||     4
  Eat: Chunk             |     2 |     7 ||     9
Armor: Leather armour    |    20 |    29 ||    49
Dodge: Dodged            |    52 |    91 ||   143

Table legend:
 A = Spawn XP
 B = Non-spawn XP
 C = Spawn XP percentage of total XP
 D = Spawn monster count
 E = Non-spawn monster count
 F = Spawn count percentage of total count
 G = Total turns spent on level
                    A         B        C        D         E        F      G
               +---------+---------+-------+---------+---------+-------+---------
         Total |       0 |     305 |   0.0 |       0 |      84 |   0.0 |  3745
               +---------+---------+-------+---------+---------+-------+---------
           D:1 |       0 |      75 |   0.0 |       0 |      30 |   0.0 |  1408
           D:2 |       0 |      85 |   0.0 |       0 |      22 |   0.0 |  1024
           D:3 |       0 |      77 |   0.0 |       0 |      23 |   0.0 |  1249
           D:4 |       0 |      68 |   0.0 |       0 |       9 |   0.0 |    64
               +---------+---------+-------+---------+---------+-------+---------
